Workbook

Sheet Calculator
A1: Home Loan Prepayment Calculator
A3: Brand | B3: myswpcalculator
A5: Loan Amount
A6: Annual Interest Rate (%)
A7: Loan Tenure (Years)
A8: Monthly EMI | B8: =B5*(B6/1200)*(1+B6/1200)^(B7*12)/((1+B6/1200)^(B7*12)-1)
A10: Extra EMI per Year
A11: Lump Sum Prepayment (Year 1)

Sheet Amortization
A1: Month | B1: Opening Balance | C1: Interest | D1: Principal | E1: EMI | F1: Extra EMI | G1: Closing Balance
A2: 1 | B2: =Calculator!B5 | C2: =B2*(Calculator!B6/1200) | D2: =E2-C2 | E2: =Calculator!B8 | F2: =IF(MOD(A2,12)=0,Calculator!B10,0) | G2: =B2-D2-F2
A3: 2 | B3: =G2 | C3: =B3*(Calculator!B6/1200) | D3: =E3-C3 | E3: =Calculator!B8 | F3: =IF(MOD(A3,12)=0,Calculator!B10,0) | G3: =B3-D3-F3
A4: 3 | B4: =G3 | C4: =B4*(Calculator!B6/1200) | D4: =E4-C4 | E4: =Calculator!B8 | F4: =IF(MOD(A4,12)=0,Calculator!B10,0) | G4: =B4-D4-F4
A5: 4 | B5: =G4 | C5: =B5*(Calculator!B6/1200) | D5: =E5-C5 | E5: =Calculator!B8 | F5: =IF(MOD(A5,12)=0,Calculator!B10,0) | G5: =B5-D5-F5
A6: 5 | B6: =G5 | C6: =B6*(Calculator!B6/1200) | D6: =E6-C6 | E6: =Calculator!B8 | F6: =IF(MOD(A6,12)=0,Calculator!B10,0) | G6: =B6-D6-F6
A7: 6 | B7: =G6 | C7: =B7*(Calculator!B6/1200) | D7: =E7-C7 | E7: =Calculator!B8 | F7: =IF(MOD(A7,12)=0,Calculator!B10,0) | G7: =B7-D7-F7
A8: 7 | B8: =G7 | C8: =B8*(Calculator!B6/1200) | D8: =E8-C8 | E8: =Calculator!B8 | F8: =IF(MOD(A8,12)=0,Calculator!B10,0) | G8: =B8-D8-F8
A9: 8 | B9: =G8 | C9: =B9*(Calculator!B6/1200) | D9: =E9-C9 | E9: =Calculator!B8 | F9: =IF(MOD(A9,12)=0,Calculator!B10,0) | G9: =B9-D9-F9
A10: 9 | B10: =G9 | C10: =B10*(Calculator!B6/1200) | D10: =E10-C10 | E10: =Calculator!B8 | F10: =IF(MOD(A10,12)=0,Calculator!B10,0) | G10: =B10-D10-F10
A11: 10 | B11: =G10 | C11: =B11*(Calculator!B6/1200) | D11: =E11-C11 | E11: =Calculator!B8 | F11: =IF(MOD(A11,12)=0,Calculator!B10,0) | G11: =B11-D11-F11
A12: 11 | B12: =G11 | C12: =B12*(Calculator!B6/1200) | D12: =E12-C12 | E12: =Calculator!B8 | F12: =IF(MOD(A12,12)=0,Calculator!B10,0) | G12: =B12-D12-F12
A13: 12 | B13: =G12 | C13: =B13*(Calculator!B6/1200) | D13: =E13-C13 | E13: =Calculator!B8 | F13: =IF(MOD(A13,12)=0,Calculator!B10,0) | G13: =B13-D13-F13
A14: 13 | B14: =G13 | C14: =B14*(Calculator!B6/1200) | D14: =E14-C14 | E14: =Calculator!B8 | F14: =IF(MOD(A14,12)=0,Calculator!B10,0) | G14: =B14-D14-F14
A15: 14 | B15: =G14 | C15: =B15*(Calculator!B6/1200) | D15: =E15-C15 | E15: =Calculator!B8 | F15: =IF(MOD(A15,12)=0,Calculator!B10,0) | G15: =B15-D15-F15
A16: 15 | B16: =G15 | C16: =B16*(Calculator!B6/1200) | D16: =E16-C16 | E16: =Calculator!B8 | F16: =IF(MOD(A16,12)=0,Calculator!B10,0) | G16: =B16-D16-F16
A17: 16 | B17: =G16 | C17: =B17*(Calculator!B6/1200) | D17: =E17-C17 | E17: =Calculator!B8 | F17: =IF(MOD(A17,12)=0,Calculator!B10,0) | G17: =B17-D17-F17
A18: 17 | B18: =G17 | C18: =B18*(Calculator!B6/1200) | D18: =E18-C18 | E18: =Calculator!B8 | F18: =IF(MOD(A18,12)=0,Calculator!B10,0) | G18: =B18-D18-F18
A19: 18 | B19: =G18 | C19: =B19*(Calculator!B6/1200) | D19: =E19-C19 | E19: =Calculator!B8 | F19: =IF(MOD(A19,12)=0,Calculator!B10,0) | G19: =B19-D19-F19
A20: 19 | B20: =G19 | C20: =B20*(Calculator!B6/1200) | D20: =E20-C20 | E20: =Calculator!B8 | F20: =IF(MOD(A20,12)=0,Calculator!B10,0) | G20: =B20-D20-F20
A21: 20 | B21: =G20 | C21: =B21*(Calculator!B6/1200) | D21: =E21-C21 | E21: =Calculator!B8 | F21: =IF(MOD(A21,12)=0,Calculator!B10,0) | G21: =B21-D21-F21
A22: 21 | B22: =G21 | C22: =B22*(Calculator!B6/1200) | D22: =E22-C22 | E22: =Calculator!B8 | F22: =IF(MOD(A22,12)=0,Calculator!B10,0) | G22: =B22-D22-F22
A23: 22 | B23: =G22 | C23: =B23*(Calculator!B6/1200) | D23: =E23-C23 | E23: =Calculator!B8 | F23: =IF(MOD(A23,12)=0,Calculator!B10,0) | G23: =B23-D23-F23
A24: 23 | B24: =G23 | C24: =B24*(Calculator!B6/1200) | D24: =E24-C24 | E24: =Calculator!B8 | F24: =IF(MOD(A24,12)=0,Calculator!B10,0) | G24: =B24-D24-F24
A25: 24 | B25: =G24 | C25: =B25*(Calculator!B6/1200) | D25: =E25-C25 | E25: =Calculator!B8 | F25: =IF(MOD(A25,12)=0,Calculator!B10,0) | G25: =B25-D25-F25
A26: 25 | B26: =G25 | C26: =B26*(Calculator!B6/1200) | D26: =E26-C26 | E26: =Calculator!B8 | F26: =IF(MOD(A26,12)=0,Calculator!B10,0) | G26: =B26-D26-F26
A27: 26 | B27: =G26 | C27: =B27*(Calculator!B6/1200) | D27: =E27-C27 | E27: =Calculator!B8 | F27: =IF(MOD(A27,12)=0,Calculator!B10,0) | G27: =B27-D27-F27
A28: 27 | B28: =G27 | C28: =B28*(Calculator!B6/1200) | D28: =E28-C28 | E28: =Calculator!B8 | F28: =IF(MOD(A28,12)=0,Calculator!B10,0) | G28: =B28-D28-F28
A29: 28 | B29: =G28 | C29: =B29*(Calculator!B6/1200) | D29: =E29-C29 | E29: =Calculator!B8 | F29: =IF(MOD(A29,12)=0,Calculator!B10,0) | G29: =B29-D29-F29
A30: 29 | B30: =G29 | C30: =B30*(Calculator!B6/1200) | D30: =E30-C30 | E30: =Calculator!B8 | F30: =IF(MOD(A30,12)=0,Calculator!B10,0) | G30: =B30-D30-F30
A31: 30 | B31: =G30 | C31: =B31*(Calculator!B6/1200) | D31: =E31-C31 | E31: =Calculator!B8 | F31: =IF(MOD(A31,12)=0,Calculator!B10,0) | G31: =B31-D31-F31
A32: 31 | B32: =G31 | C32: =B32*(Calculator!B6/1200) | D32: =E32-C32 | E32: =Calculator!B8 | F32: =IF(MOD(A32,12)=0,Calculator!B10,0) | G32: =B32-D32-F32
A33: 32 | B33: =G32 | C33: =B33*(Calculator!B6/1200) | D33: =E33-C33 | E33: =Calculator!B8 | F33: =IF(MOD(A33,12)=0,Calculator!B10,0) | G33: =B33-D33-F33
A34: 33 | B34: =G33 | C34: =B34*(Calculator!B6/1200) | D34: =E34-C34 | E34: =Calculator!B8 | F34: =IF(MOD(A34,12)=0,Calculator!B10,0) | G34: =B34-D34-F34
A35: 34 | B35: =G34 | C35: =B35*(Calculator!B6/1200) | D35: =E35-C35 | E35: =Calculator!B8 | F35: =IF(MOD(A35,12)=0,Calculator!B10,0) | G35: =B35-D35-F35
A36: 35 | B36: =G35 | C36: =B36*(Calculator!B6/1200) | D36: =E36-C36 | E36: =Calculator!B8 | F36: =IF(MOD(A36,12)=0,Calculator!B10,0) | G36: =B36-D36-F36
A37: 36 | B37: =G36 | C37: =B37*(Calculator!B6/1200) | D37: =E37-C37 | E37: =Calculator!B8 | F37: =IF(MOD(A37,12)=0,Calculator!B10,0) | G37: =B37-D37-F37
A38: 37 | B38: =G37 | C38: =B38*(Calculator!B6/1200) | D38: =E38-C38 | E38: =Calculator!B8 | F38: =IF(MOD(A38,12)=0,Calculator!B10,0) | G38: =B38-D38-F38
A39: 38 | B39: =G38 | C39: =B39*(Calculator!B6/1200) | D39: =E39-C39 | E39: =Calculator!B8 | F39: =IF(MOD(A39,12)=0,Calculator!B10,0) | G39: =B39-D39-F39
A40: 39 | B40: =G39 | C40: =B40*(Calculator!B6/1200) | D40: =E40-C40 | E40: =Calculator!B8 | F40: =IF(MOD(A40,12)=0,Calculator!B10,0) | G40: =B40-D40-F40
A41: 40 | B41: =G40 | C41: =B41*(Calculator!B6/1200) | D41: =E41-C41 | E41: =Calculator!B8 | F41: =IF(MOD(A41,12)=0,Calculator!B10,0) | G41: =B41-D41-F41
A42: 41 | B42: =G41 | C42: =B42*(Calculator!B6/1200) | D42: =E42-C42 | E42: =Calculator!B8 | F42: =IF(MOD(A42,12)=0,Calculator!B10,0) | G42: =B42-D42-F42
A43: 42 | B43: =G42 | C43: =B43*(Calculator!B6/1200) | D43: =E43-C43 | E43: =Calculator!B8 | F43: =IF(MOD(A43,12)=0,Calculator!B10,0) | G43: =B43-D43-F43
A44: 43 | B44: =G43 | C44: =B44*(Calculator!B6/1200) | D44: =E44-C44 | E44: =Calculator!B8 | F44: =IF(MOD(A44,12)=0,Calculator!B10,0) | G44: =B44-D44-F44
A45: 44 | B45: =G44 | C45: =B45*(Calculator!B6/1200) | D45: =E45-C45 | E45: =Calculator!B8 | F45: =IF(MOD(A45,12)=0,Calculator!B10,0) | G45: =B45-D45-F45
A46: 45 | B46: =G45 | C46: =B46*(Calculator!B6/1200) | D46: =E46-C46 | E46: =Calculator!B8 | F46: =IF(MOD(A46,12)=0,Calculator!B10,0) | G46: =B46-D46-F46
A47: 46 | B47: =G46 | C47: =B47*(Calculator!B6/1200) | D47: =E47-C47 | E47: =Calculator!B8 | F47: =IF(MOD(A47,12)=0,Calculator!B10,0) | G47: =B47-D47-F47
A48: 47 | B48: =G47 | C48: =B48*(Calculator!B6/1200) | D48: =E48-C48 | E48: =Calculator!B8 | F48: =IF(MOD(A48,12)=0,Calculator!B10,0) | G48: =B48-D48-F48
A49: 48 | B49: =G48 | C49: =B49*(Calculator!B6/1200) | D49: =E49-C49 | E49: =Calculator!B8 | F49: =IF(MOD(A49,12)=0,Calculator!B10,0) | G49: =B49-D49-F49
A50: 49 | B50: =G49 | C50: =B50*(Calculator!B6/1200) | D50: =E50-C50 | E50: =Calculator!B8 | F50: =IF(MOD(A50,12)=0,Calculator!B10,0) | G50: =B50-D50-F50
A51: 50 | B51: =G50 | C51: =B51*(Calculator!B6/1200) | D51: =E51-C51 | E51: =Calculator!B8 | F51: =IF(MOD(A51,12)=0,Calculator!B10,0) | G51: =B51-D51-F51
A52: 51 | B52: =G51 | C52: =B52*(Calculator!B6/1200) | D52: =E52-C52 | E52: =Calculator!B8 | F52: =IF(MOD(A52,12)=0,Calculator!B10,0) | G52: =B52-D52-F52
A53: 52 | B53: =G52 | C53: =B53*(Calculator!B6/1200) | D53: =E53-C53 | E53: =Calculator!B8 | F53: =IF(MOD(A53,12)=0,Calculator!B10,0) | G53: =B53-D53-F53
A54: 53 | B54: =G53 | C54: =B54*(Calculator!B6/1200) | D54: =E54-C54 | E54: =Calculator!B8 | F54: =IF(MOD(A54,12)=0,Calculator!B10,0) | G54: =B54-D54-F54
A55: 54 | B55: =G54 | C55: =B55*(Calculator!B6/1200) | D55: =E55-C55 | E55: =Calculator!B8 | F55: =IF(MOD(A55,12)=0,Calculator!B10,0) | G55: =B55-D55-F55
A56: 55 | B56: =G55 | C56: =B56*(Calculator!B6/1200) | D56: =E56-C56 | E56: =Calculator!B8 | F56: =IF(MOD(A56,12)=0,Calculator!B10,0) | G56: =B56-D56-F56
A57: 56 | B57: =G56 | C57: =B57*(Calculator!B6/1200) | D57: =E57-C57 | E57: =Calculator!B8 | F57: =IF(MOD(A57,12)=0,Calculator!B10,0) | G57: =B57-D57-F57
A58: 57 | B58: =G57 | C58: =B58*(Calculator!B6/1200) | D58: =E58-C58 | E58: =Calculator!B8 | F58: =IF(MOD(A58,12)=0,Calculator!B10,0) | G58: =B58-D58-F58
A59: 58 | B59: =G58 | C59: =B59*(Calculator!B6/1200) | D59: =E59-C59 | E59: =Calculator!B8 | F59: =IF(MOD(A59,12)=0,Calculator!B10,0) | G59: =B59-D59-F59
A60: 59 | B60: =G59 | C60: =B60*(Calculator!B6/1200) | D60: =E60-C60 | E60: =Calculator!B8 | F60: =IF(MOD(A60,12)=0,Calculator!B10,0) | G60: =B60-D60-F60
A61: 60 | B61: =G60 | C61: =B61*(Calculator!B6/1200) | D61: =E61-C61 | E61: =Calculator!B8 | F61: =IF(MOD(A61,12)=0,Calculator!B10,0) | G61: =B61-D61-F61
A62: 61 | B62: =G61 | C62: =B62*(Calculator!B6/1200) | D62: =E62-C62 | E62: =Calculator!B8 | F62: =IF(MOD(A62,12)=0,Calculator!B10,0) | G62: =B62-D62-F62
A63: 62 | B63: =G62 | C63: =B63*(Calculator!B6/1200) | D63: =E63-C63 | E63: =Calculator!B8 | F63: =IF(MOD(A63,12)=0,Calculator!B10,0) | G63: =B63-D63-F63
A64: 63 | B64: =G63 | C64: =B64*(Calculator!B6/1200) | D64: =E64-C64 | E64: =Calculator!B8 | F64: =IF(MOD(A64,12)=0,Calculator!B10,0) | G64: =B64-D64-F64
A65: 64 | B65: =G64 | C65: =B65*(Calculator!B6/1200) | D65: =E65-C65 | E65: =Calculator!B8 | F65: =IF(MOD(A65,12)=0,Calculator!B10,0) | G65: =B65-D65-F65
A66: 65 | B66: =G65 | C66: =B66*(Calculator!B6/1200) | D66: =E66-C66 | E66: =Calculator!B8 | F66: =IF(MOD(A66,12)=0,Calculator!B10,0) | G66: =B66-D66-F66
A67: 66 | B67: =G66 | C67: =B67*(Calculator!B6/1200) | D67: =E67-C67 | E67: =Calculator!B8 | F67: =IF(MOD(A67,12)=0,Calculator!B10,0) | G67: =B67-D67-F67
A68: 67 | B68: =G67 | C68: =B68*(Calculator!B6/1200) | D68: =E68-C68 | E68: =Calculator!B8 | F68: =IF(MOD(A68,12)=0,Calculator!B10,0) | G68: =B68-D68-F68
A69: 68 | B69: =G68 | C69: =B69*(Calculator!B6/1200) | D69: =E69-C69 | E69: =Calculator!B8 | F69: =IF(MOD(A69,12)=0,Calculator!B10,0) | G69: =B69-D69-F69
A70: 69 | B70: =G69 | C70: =B70*(Calculator!B6/1200) | D70: =E70-C70 | E70: =Calculator!B8 | F70: =IF(MOD(A70,12)=0,Calculator!B10,0) | G70: =B70-D70-F70
A71: 70 | B71: =G70 | C71: =B71*(Calculator!B6/1200) | D71: =E71-C71 | E71: =Calculator!B8 | F71: =IF(MOD(A71,12)=0,Calculator!B10,0) | G71: =B71-D71-F71
A72: 71 | B72: =G71 | C72: =B72*(Calculator!B6/1200) | D72: =E72-C72 | E72: =Calculator!B8 | F72: =IF(MOD(A72,12)=0,Calculator!B10,0) | G72: =B72-D72-F72
A73: 72 | B73: =G72 | C73: =B73*(Calculator!B6/1200) | D73: =E73-C73 | E73: =Calculator!B8 | F73: =IF(MOD(A73,12)=0,Calculator!B10,0) | G73: =B73-D73-F73
A74: 73 | B74: =G73 | C74: =B74*(Calculator!B6/1200) | D74: =E74-C74 | E74: =Calculator!B8 | F74: =IF(MOD(A74,12)=0,Calculator!B10,0) | G74: =B74-D74-F74
A75: 74 | B75: =G74 | C75: =B75*(Calculator!B6/1200) | D75: =E75-C75 | E75: =Calculator!B8 | F75: =IF(MOD(A75,12)=0,Calculator!B10,0) | G75: =B75-D75-F75
A76: 75 | B76: =G75 | C76: =B76*(Calculator!B6/1200) | D76: =E76-C76 | E76: =Calculator!B8 | F76: =IF(MOD(A76,12)=0,Calculator!B10,0) | G76: =B76-D76-F76
A77: 76 | B77: =G76 | C77: =B77*(Calculator!B6/1200) | D77: =E77-C77 | E77: =Calculator!B8 | F77: =IF(MOD(A77,12)=0,Calculator!B10,0) | G77: =B77-D77-F77
A78: 77 | B78: =G77 | C78: =B78*(Calculator!B6/1200) | D78: =E78-C78 | E78: =Calculator!B8 | F78: =IF(MOD(A78,12)=0,Calculator!B10,0) | G78: =B78-D78-F78
A79: 78 | B79: =G78 | C79: =B79*(Calculator!B6/1200) | D79: =E79-C79 | E79: =Calculator!B8 | F79: =IF(MOD(A79,12)=0,Calculator!B10,0) | G79: =B79-D79-F79
A80: 79 | B80: =G79 | C80: =B80*(Calculator!B6/1200) | D80: =E80-C80 | E80: =Calculator!B8 | F80: =IF(MOD(A80,12)=0,Calculator!B10,0) | G80: =B80-D80-F80
A81: 80 | B81: =G80 | C81: =B81*(Calculator!B6/1200) | D81: =E81-C81 | E81: =Calculator!B8 | F81: =IF(MOD(A81,12)=0,Calculator!B10,0) | G81: =B81-D81-F81
A82: 81 | B82: =G81 | C82: =B82*(Calculator!B6/1200) | D82: =E82-C82 | E82: =Calculator!B8 | F82: =IF(MOD(A82,12)=0,Calculator!B10,0) | G82: =B82-D82-F82
A83: 82 | B83: =G82 | C83: =B83*(Calculator!B6/1200) | D83: =E83-C83 | E83: =Calculator!B8 | F83: =IF(MOD(A83,12)=0,Calculator!B10,0) | G83: =B83-D83-F83
A84: 83 | B84: =G83 | C84: =B84*(Calculator!B6/1200) | D84: =E84-C84 | E84: =Calculator!B8 | F84: =IF(MOD(A84,12)=0,Calculator!B10,0) | G84: =B84-D84-F84
A85: 84 | B85: =G84 | C85: =B85*(Calculator!B6/1200) | D85: =E85-C85 | E85: =Calculator!B8 | F85: =IF(MOD(A85,12)=0,Calculator!B10,0) | G85: =B85-D85-F85
A86: 85 | B86: =G85 | C86: =B86*(Calculator!B6/1200) | D86: =E86-C86 | E86: =Calculator!B8 | F86: =IF(MOD(A86,12)=0,Calculator!B10,0) | G86: =B86-D86-F86
A87: 86 | B87: =G86 | C87: =B87*(Calculator!B6/1200) | D87: =E87-C87 | E87: =Calculator!B8 | F87: =IF(MOD(A87,12)=0,Calculator!B10,0) | G87: =B87-D87-F87
A88: 87 | B88: =G87 | C88: =B88*(Calculator!B6/1200) | D88: =E88-C88 | E88: =Calculator!B8 | F88: =IF(MOD(A88,12)=0,Calculator!B10,0) | G88: =B88-D88-F88
A89: 88 | B89: =G88 | C89: =B89*(Calculator!B6/1200) | D89: =E89-C89 | E89: =Calculator!B8 | F89: =IF(MOD(A89,12)=0,Calculator!B10,0) | G89: =B89-D89-F89
A90: 89 | B90: =G89 | C90: =B90*(Calculator!B6/1200) | D90: =E90-C90 | E90: =Calculator!B8 | F90: =IF(MOD(A90,12)=0,Calculator!B10,0) | G90: =B90-D90-F90
A91: 90 | B91: =G90 | C91: =B91*(Calculator!B6/1200) | D91: =E91-C91 | E91: =Calculator!B8 | F91: =IF(MOD(A91,12)=0,Calculator!B10,0) | G91: =B91-D91-F91
A92: 91 | B92: =G91 | C92: =B92*(Calculator!B6/1200) | D92: =E92-C92 | E92: =Calculator!B8 | F92: =IF(MOD(A92,12)=0,Calculator!B10,0) | G92: =B92-D92-F92
A93: 92 | B93: =G92 | C93: =B93*(Calculator!B6/1200) | D93: =E93-C93 | E93: =Calculator!B8 | F93: =IF(MOD(A93,12)=0,Calculator!B10,0) | G93: =B93-D93-F93
A94: 93 | B94: =G93 | C94: =B94*(Calculator!B6/1200) | D94: =E94-C94 | E94: =Calculator!B8 | F94: =IF(MOD(A94,12)=0,Calculator!B10,0) | G94: =B94-D94-F94
A95: 94 | B95: =G94 | C95: =B95*(Calculator!B6/1200) | D95: =E95-C95 | E95: =Calculator!B8 | F95: =IF(MOD(A95,12)=0,Calculator!B10,0) | G95: =B95-D95-F95
A96: 95 | B96: =G95 | C96: =B96*(Calculator!B6/1200) | D96: =E96-C96 | E96: =Calculator!B8 | F96: =IF(MOD(A96,12)=0,Calculator!B10,0) | G96: =B96-D96-F96
A97: 96 | B97: =G96 | C97: =B97*(Calculator!B6/1200) | D97: =E97-C97 | E97: =Calculator!B8 | F97: =IF(MOD(A97,12)=0,Calculator!B10,0) | G97: =B97-D97-F97
A98: 97 | B98: =G97 | C98: =B98*(Calculator!B6/1200) | D98: =E98-C98 | E98: =Calculator!B8 | F98: =IF(MOD(A98,12)=0,Calculator!B10,0) | G98: =B98-D98-F98
A99: 98 | B99: =G98 | C99: =B99*(Calculator!B6/1200) | D99: =E99-C99 | E99: =Calculator!B8 | F99: =IF(MOD(A99,12)=0,Calculator!B10,0) | G99: =B99-D99-F99
A100: 99 | B100: =G99 | C100: =B100*(Calculator!B6/1200) | D100: =E100-C100 | E100: =Calculator!B8 | F100: =IF(MOD(A100,12)=0,Calculator!B10,0) | G100: =B100-D100-F100
...

Sheet Dashboard
A1: Loan Balance Dashboard
